 Dungeon Crawl Stone Soup version 0.29-a0-472-ge5599a681e (webtiles) character file.

Game seed: 2299007111484698845

2248 spaghetti the Fighter (level 9, 0/147 HPs)
             Began as an Ogre Berserker on May 22, 2022.
             Was a Believer of Trog.
             Slain by a yak (7 damage)
             ... on level 6 of the Dungeon.
             The game lasted 00:09:14 (8182 turns).

spaghetti the Fighter (Ogre Berserker)              Turns: 8182, Time: 00:09:15

Health: 0/147      AC:  4    Str: 22    XL:     9   Next: 37%
Magic:  18/18      EV:  8    Int:  8    God:    Trog [**....]
Gold:   313        SH: 12    Dex:  8    Spells: 8/8 levels left

rFire   . . .      SeeInvis .   o - +7 war axe of Mourning {freeze, Will+ MP+9 Str-5, axe}
rCold   . . .      Faith    .   b - +0 tower shield
rNeg    . . .      Spirit   .   a - +0 animal skin
rPois   .          Reflect  .   v - +1 hat
rElec   .          Harm     .   (no cloak)
rCorr   .          Rampage  .   (gloves unavailable)
Will    +....                   (boots unavailable)
Stlth   ..........              (no amulet)
HPRegen 0.34/turn               (no ring)
MPRegen 0.16/turn               (no ring)

@: berserking, very quick
A: large, unfitting armour, tough skin 1
a: Renounce Religion, Berserk, Trog's Hand


You were on level 6 of the Dungeon.
You worshipped Trog.
Trog was pleased with you.
You visited 1 branch of the dungeon, and saw 6 of its levels.

You collected 313 gold pieces.


Innate Abilities, Weirdness & Mutations

You are too large for most types of armour.
You have tough skin. (AC +1)


   Skills:
 * Level 9.2 Fighting
 + Level 4.8 Throwing
 + Level 5.4 Dodging
 + Level 4.9 Shields
 - Level 5.6 Unarmed Combat


You had 8 spell levels left.
You didn't know any spells.
Your spell library contained the following spells:

 Spells                   Type           Power      Damage    Failure   Level
 Sublimation of Blood     Necr           0%         N/A       99%         2
 Wereblood                Tmut           0%         N/A       99%         2
 Dazzling Flash           Conj/Hex       0%         N/A       100%        3
 Gell's Gravitas          Tloc           0%         N/A       100%        3
 Ozocubu's Armour         Ice            0%         N/A       100%        3
 Teleport Other           Tloc           0%         N/A       100%        3
 Agony                    Necr           0%         N/A       100%        5
 Silence                  Hex/Air        0%         N/A       100%        5
 Dispersal                Tloc           0%         N/A       100%        6
 Ozocubu's Refrigeration  Ice            0%         4d5       100%        7
 Summon Hydra             Summ           0%         N/A       100%        7

Inventory:

Hand Weapons
 d - a +0 hand axe {axe}
   (You found it on level 1 of the Dungeon)
 e - a +1 battleaxe {axe}
   (You found it on level 1 of the Dungeon)
 k - a +0 club {mace}
   (You took it off a kobold on level 1 of the Dungeon)
 o - the +7 war axe of Mourning (weapon) {freeze, Will+ MP+9 Str-5, axe}
   (You found it on level 2 of the Dungeon)

   It freezes those it strikes, dealing additional cold damage.
   It can also slow down cold-blooded creatures.
   Str:       It affects your strength (-5).
   MP:        It affects your magic capacity (+9).
   Will:      It increases your willpower.
 y - the +8 great sword "Aliyhaci" {drain, Drain rN+++ MP-9 Int+7, long}
   (You found it on level 5 of the Dungeon)

   A truly terrible weapon, it drains the life of any living foe it strikes.
   Int:       It affects your intelligence (+7).
   rN:        It renders you almost immune to negative energy.
   MP:        It affects your magic capacity (-9).
   Drain:     It drains your maximum health when unequipped.
Missiles
 c - 2 poisoned darts {throwing}
 h - 128 stones (quivered) {throwing}
 w - a boomerang {throwing}
Armour
 a - a +0 animal skin (worn)
 b - a +0 tower shield (worn)
   (You found it on level 1 of the Dungeon)
 v - a +1 hat (worn)
   (You found it on level 4 of the Dungeon)
Magical Staves
 m - a staff of poison {forbidden!astaff}
   (You found it on level 2 of the Dungeon)
 r - a staff of cold {forbidden!astaff}
   (You found it on level 3 of the Dungeon)
 B - a staff of earth {forbidden!astaff}
   (You found it on level 5 of the Dungeon)
Jewellery
 f - a ring of fire
   (You found it on level 2 of the Dungeon)
 C - a ring of see invisible
   (You found it on level 5 of the Dungeon)
Wands
 F - a wand of iceblast (6)
   (You found it on level 5 of the Dungeon)
Scrolls
 s - a scroll of teleportation {@r4}
 t - a scroll of blinking {!r}
 D - a scroll of immolation {!r!r}
 E - a scroll of fear {unknown}
Potions
 g - 5 potions of curing {@q1}
 i - 2 potions of invisibility
 j - a potion of berserk rage {!q}
 l - 2 potions of cancellation
 n - 2 potions of resistance
 p - 2 potions of brilliance
 q - 3 potions of lignification {!q}
 u - 3 potions of might {unknown}
 x - a potion of mutation {unknown}
 z - a potion of haste {unknown}
 A - a potion of heal wounds {unknown}
 G - a potion of magic {unknown}

Dungeon Overview and Level Annotations

Branches:
Dungeon (6/15)             Temple (0/1) D:4

Altars:
Hepliaklqana
Kikubaaqudgha
Okawaru
Uskayaw
Vehumet

########### ##.......[.#
..<........#
...........#############
#..........)........)...
#?.......(.#############
#.....YY...#### #.....
#.......# ###.....
#(...YY...##+# #<'..[..
...........# #####.##
....#####.## #.# ... #.#
#.# .. #+# #.# . #^# #.#
#.#


You could see 5 yaks.


Message History

😕 HP[-7]
You now have 96 max hp (-2).
You take 7 damage, and now have 89/96 hp.
You slice the necrophage!! You freeze the necrophage.
You destroy the necrophage!
Trog accepts your kill. You block the orc's attack.
Your life force feels restored. 😕 HP[+1]
You now have 98 max hp (+2).
You closely miss the orc. You block the orc's attack.
You barely miss the orc. You block the orc's attack.
The orc hits you with a +0 whip.
You slash the orc! You freeze the orc.
You kill the orc!
Trog accepts your kill. You block the orc's attack.
You completely miss the orc. You block the orc's attack. x2 😕 HP[+1]
You slash the orc! You freeze the orc.
You kill the orc!
Trog accepts your kill.
Found a chain mail.
Found a stone staircase leading down.
There is an open door here.
Items here: )))))) [ ††.
h - 128 stones {throwing} (gained 1)
A yak comes into view. 😕 HP[+1]
A yak comes into view.
Found 5 boomerangs.
Found a stone staircase leading up.
The yak bellows! x2; You hear a bellow!
A yak comes into view.
You hear a bellow! x2
You see here a stone {throwing}.
The yak bellows!
A yak comes into view.
A yak comes into view.
The yak bellows! 😕 HP[+1]
You are too injured to fight recklessly!
You are too injured to fight recklessly!
You are too injured to fight recklessly!
You are too injured to fight recklessly!
You are too injured to fight recklessly!
You are too injured to fight recklessly!
You are too injured to fight recklessly!
You are too injured to fight recklessly!
You are too injured to fight recklessly!
You hit the yak. You freeze the yak. You block the yak's attack.
A yak comes into view.
You slash the yak! You freeze the yak. You slash the yak! You freeze the yak.
The yak gores you but does no damage. The yak gores you.
The yak barely misses you. The yak gores you. The yak gores you! 😮 HP[-20]
You take 20 damage, and now have 73/98 hp.
MASSIVE DAMAGE!! (PAUSE) Unknown command.
You slash the yak! You freeze the yak.
You kill the yak!
Trog accepts your kill.
You barely miss the yak. You hit the yak. You freeze the yak.
The yak gores you!
You block the yak's attack. x2; The yak gores you! 😮 HP[-22]
You take 22 damage, and now have 51/98 hp.
MASSIVE DAMAGE!! (PAUSE)
A red film seems to cover your vision as you go berserk!
You feel yourself moving faster!
You feel mighty! The yak gores you. You block the yak's attack.
The yak gores you.
* * * LOW HITPOINT WARNING * * *
😨 HP[+21]
You now have 147 max hp (+49).
You regained 21 hp, and now have 72/147 hp.
You barely miss the yak. You completely miss the yak. You slash the yak!
You freeze the yak. You closely miss the yak. The yak gores you!
* * * LOW HITPOINT WARNING * * *
The yak barely misses you. You block the yak's attack. The yak gores you.
* * * LOW HITPOINT WARNING * * *
😨 HP[-11]
You take 11 damage, and now have 61/147 hp.
You slice the yak!! You freeze the yak! You barely miss the yak.
You slash the yak! You freeze the yak. You slash the yak! You freeze the yak.
You slash the yak! You freeze the yak. The yak barely misses you.
The yak gores you!
* * * LOW HITPOINT WARNING * * *
The yak gores you!
* * * LOW HITPOINT WARNING * * *
You block the yak's attack. x2 😱 HP[-30]
You take 30 damage, and now have 31/147 hp.
MASSIVE DAMAGE!! (PAUSE) Unknown command.
You closely miss the yak. x2; You barely miss the yak.
You slash the yak! You freeze the yak. You slash the yak! You freeze the yak.
The yak gores you!
* * * LOW HITPOINT WARNING * * *
The yak gores you.
* * * LOW HITPOINT WARNING * * *
The yak gores you!
* * * LOW HITPOINT WARNING * * *
You block the yak's attack. x2; The yak gores you!
You die...

Skill      XL: |  1  2  3  4  5  6  7  8  9 |
---------------+----------------------------+-----
Unarmed Combat | 3 4 5 |  5.6
Shields        | 1 2 3 4 |  4.9
Throwing       | 1 2 3 4 |  4.8
Dodging        | 3 4 5 |  5.4
Fighting       | 5 6 8 9 |  9.2

Action                   |  1- 3 |  4- 6 |  7- 9 || total
-------------------------+-------+-------+-------++-------
Melee: Unarmed           |   110 |   191 |    54 ||   355
       War axe           |       |       |    95 ||    95
Throw: Stone             |    27 |    60 |    53 ||   140
       Dart              |     2 |       |       ||     2
Invok: Berserk           |     3 |     7 |     2 ||    12
  Use: Scroll            |     8 |     3 |     4 ||    15
 Stab: Sleeping          |       |     1 |       ||     1
Armor: Animal skin       |    41 |    34 |    42 ||   117
Dodge: Dodged            |    22 |    44 |    39 ||   105
Block: Tower shield      |    47 |    76 |   102 ||   225

Levels and vault maps discovered:
D:1:      erik_arrival_triangle_small, layout_basic,
          ebering_ecumenical_altar_mist, minivault_4
D:2:      layout_basic, amcnicky_mini_pool_small
D:3:      layout_loops_cross, hangedman_decor_lopped, uniq_terence, uniq_robin
D:4:      layout_basic, eat_drink_and_be_merry_uskayaw,
          nicolae_hepliaklqana_monster_ancestors,
          minmay_temple_entry_purple_smoke, uniq_sigmund, uniq_pikel
D:5:      layout_loops_ring, chequers_temple_overflow_minitemple,
          serial_bayou_pond_a
D:6:      cheibrodos_barr_body, layout_basic, dk_rats_in_the_wall

Notes
Turn   | Place    | Note
-------+----------+-------------------------------------------
     0 | D:1      | spaghetti the Ogre Berserker began the quest for the Orb.
     0 | D:1      | Reached XP level 1. HP: 24/24 MP: 1/1
     0 | D:1      | magus.rc [v1.9.6]
    47 | D:1      | Found a faded altar of an unknown god.
   196 | D:1      | Reached XP level 2. HP: 32/32 MP: 2/2
   595 | D:1      | You pick up a book of the Senses {forbidden} and begin
                  | reading...
   595 | D:1      | You add the spells Dazzling Flash, Agony and Silence to
                  | your library.
   602 | D:1      | Reached skill level 3 in Unarmed Combat
   887 | D:2      | Reached XP level 3. HP: 27/40 MP: 3/3
  1157 | D:2      | Reached skill level 1 in Shields
  1165 | D:2      | You add the spells Gell's Gravitas, Teleport Other and
                  | Dispersal to your library.
  1431 | D:2      | Identified the +7 war axe of Mourning {freeze, Will+ MP+9
                  | Str-5}
  1652 | D:2      | HP: 15/60 [poisoned by an adder]
  1655 | D:2      | Reached skill level 1 in Throwing
  1657 | D:2      | HP: 11/60 [poisoned by an adder]
  2227 | D:3      | Noticed Robin
  2518 | D:2      | Reached XP level 4. HP: 39/45 MP: 4/4
  2641 | D:2      | Reached ** piety under Trog
  2746 | D:3      | Killed Robin
  2823 | D:3      | HP: 17/70 [poisoned by an adder]
  2827 | D:3      | Reached skill level 3 in Dodging
  2829 | D:3      | HP: 9/72 [poisoned by an adder]
  3738 | D:3      | Reached XP level 5. HP: 46/55 MP: 5/5
  3798 | D:3      | Noticed Terence
  3814 | D:3      | Killed Terence
  3816 | D:3      | Reached skill level 5 in Fighting
  4641 | D:4      | Found a hide-covered altar of Uskayaw.
  4717 | D:4      | Found a staircase to the Ecumenical Temple.
  5138 | D:4      | Found a hazy altar of Hepliaklqana.
  5209 | D:4      | Noticed a black bear
  5220 | D:4      | Killed a black bear
  5221 | D:4      | Reached skill level 2 in Throwing
  5221 | D:4      | Reached skill level 2 in Shields
  5221 | D:4      | Reached skill level 4 in Unarmed Combat
  5221 | D:4      | Reached XP level 6. HP: 62/66 MP: 6/6
  5391 | D:4      | You add the spells Ozocubu's Armour and Ozocubu's
                  | Refrigeration to your library.
  5408 | D:4      | Noticed Sigmund
  5426 | D:4      | Killed Sigmund
  5427 | D:4      | Reached XP level 7. HP: 74/74 MP: 7/7
  5517 | D:4      | Noticed Pikel
  5527 | D:4      | Killed Pikel
  5528 | D:4      | Reached skill level 6 in Fighting
  5528 | D:4      | Reached skill level 3 in Throwing
  5528 | D:4      | Reached skill level 4 in Dodging
  5528 | D:4      | Reached skill level 3 in Shields
  5528 | D:4      | Reached skill level 5 in Unarmed Combat
  5528 | D:4      | Reached XP level 8. HP: 84/84 MP: 8/8
  5604 | D:4      | You pick up a book of Blood {forbidden} and begin
                  | reading...
  5604 | D:4      | You add the spells Sublimation of Blood, Wereblood and
                  | Summon Hydra to your library.
  6245 | D:5      | Entered Level 5 of the Dungeon
  6365 | D:5      | Identified the +8 great sword "Aliyhaci" {drain, Drain
                  | rN+++ MP-9 Int+7}
  6403 | D:5      | Found an ancient bone altar of Kikubaaqudgha.
  6403 | D:5      | Found an iron altar of Okawaru.
  6411 | D:5      | Found a faded altar of an unknown god.
  6413 | D:5      | Found a faded altar of an unknown god.
  6416 | D:5      | Found a radiant altar of Vehumet.
  7262 | D:6      | Reached skill level 7 in Fighting
  7410 | D:6      | Reached skill level 4 in Shields
  7414 | D:6      | Reached skill level 4 in Throwing
  7546 | D:6      | Noticed a yak
  7552 | D:6      | Killed a yak
  7553 | D:6      | Reached skill level 8 in Fighting
  7553 | D:6      | Reached skill level 5 in Dodging
  7553 | D:6      | Reached XP level 9. HP: 89/96 MP: 9/9
  8162 | D:6      | Reached skill level 9 in Fighting
  8181 | D:6      | HP: 31/147 [yak (15)]
  8182 | D:6      | HP: 7/147 [yak (9)]
  8182 | D:6      | Slain by a yak

Vanquished Creatures
  Pikel (D:4)
  Sigmund (D:4)
  2 yaks (D:6)
  A water moccasin (D:6)
  An ice beast (D:5)
  2 black bears
  An ogre (D:6)
  A centaur (D:6)
  A lemure (D:4)
  A phantom (D:6)
  3 necrophages
  2 bullfrogs (D:6)
  A scorpion (D:6)
  A howler monkey (D:6)
  A hound (D:6)
  2 iguanas
  A gnoll shaman (D:6)
  Terence (D:3)
  An orc wizard (D:6)
  Robin (D:3)
  7 adders
  An ufetubus (D:6)
  A worm (D:3)
  A dart slug (D:1)
  23 orcs
  2 ball pythons
  6 endoplasms
  4 giant cockroaches
  14 goblins
  9 hobgoblins
  4 quokkas
  2 bats
  A frilled lizard (D:1)
  4 kobolds
  7 rats
  A spectral goblin (D:4)
113 creatures vanquished.

Table legend:
 A = Non-vault XP
 B = Vault XP
 C = Vault XP percentage of total XP
 D = Non-vault monster count
 E = Vault monster count
 F = Vault count percentage of total count
                 A         B        C        D         E       F
            +---------+---------+-------+---------+---------+-------
      Total |    1174 |    2038 |  63.4 |      82 |      30 |  26.8
            +---------+---------+-------+---------+---------+-------
        D:1 |      23 |       0 |   0.0 |      13 |       0 |   0.0
        D:2 |      45 |      16 |  26.2 |      13 |       8 |  38.1
        D:3 |      83 |      62 |  42.8 |      17 |       5 |  22.7
        D:4 |     299 |     853 |  74.0 |      20 |       4 |  16.7
        D:5 |     228 |       0 |   0.0 |       6 |       0 |   0.0
        D:6 |     496 |    1107 |  69.1 |      13 |      13 |  50.0
            +---------+---------+-------+---------+---------+-------

Illustrated notes

Table legend:
 A = Kills in this place as a percentage of kills in entire the game.
 B = Kills by you in this place as a percentage of kills by you in the entire game.
 C = Kills by friends in this place as a percentage of kills by friends in the entire game.
 D = Other kills in this place as a percentage of other kills in the entire game.
 E = Experience gained in this place as a percentage of experience gained in the entire game.
 F = Experience gained in this place divided by the number of levels of this place that you have seen.
                   A       B       C       D       E      F
               +-------+-------+-------+-------+-------+----------------------
         Total | 100.0 | 100.0 |   N/A |   N/A | 100.0 | 535.3
       Dungeon | 100.0 | 100.0 |   N/A |   N/A | 100.0 | 535.3
               +-------+-------+-------+-------+-------+----------------------

Table legend: (Time is in decaauts)
 A = Elapsed time spent in this place.
 B = Non-inter-level travel time spent in this place.
 C = Inter-level travel time spent in this place.
 D = Time resting spent in this place.
 E = Time spent auto-exploring this place.
 F = Levels seen in this place.
 G = Mean time per level.
                   A        B        C        D        E       F      G
               +--------+--------+--------+--------+--------+-----+--------+
         Total |   8477 |   8325 |    152 |    783 |   6399 |   6 | 1412.8 |
       Dungeon |   8477 |   8325 |    152 |    783 |   6399 |   6 | 1412.8 |
               +--------+--------+--------+--------+--------+-----+--------+

Top non-repeatable levels by time:
     D:2: 1939 daAuts
     D:3: 1888 daAuts
     D:4: 1748 daAuts
     D:6: 1023 daAuts
     D:5: 994 daAuts
     D:1: 882 daAuts
